 Dungeon Crawl Stone Soup version 0.27.1-34-g3ba077fa99 (webtiles) character file.

Game seed: 2898236466617531264

401 Arum the Shield-Bearer (level 7, -1/56 HPs)
             Began as a Formicid Fighter on Jan 3, 2022.
             Succumbed to a scorpion's poison
             ... on level 4 of the Dungeon.
             The game lasted 00:04:04 (2979 turns).

Arum the Shield-Bearer (Formicid Fighter)           Turns: 2979, Time: 00:04:05

Health: -1/56      AC: 10    Str: 21    XL:     7   Next: 11%
Magic:  7/7        EV:  9    Int:  7    God:
Gold:   78         SH:  7    Dex: 12    Spells: 6/6 levels left

rFire    + . .     SeeInvis +   a - +1 quarterstaff
rCold    . . .     Faith    .   g - +2 buckler "Xoodohie" {rElec Will++ rCorr Stlth-}
rNeg     . . .     Spirit   .   b - +0 scale mail
rPois    .         Reflect  .   (helmet unavailable)
rElec    +         Harm     .   (no cloak)
rCorr    +         Rampage  .   (no gloves)
Will     ++...                  (no boots)
Stlth    ..........             (no amulet)
HPRegen  0.18/turn              f - ring of protection from fire
MPRegen  0.10/turn              k - +4 ring of protection

@: brilliant, lethally poisoned (-1 -> -8), attractive
A: permanent stasis, dig shafts and tunnels, antennae 3, four strong arms
a: Dig, Shaft Self


You were on level 4 of the Dungeon.
You visited 1 branch of the dungeon, and saw 4 of its levels.

You collected 78 gold pieces.

Inventory:

Hand Weapons
 a - a +1 quarterstaff (weapon)
Armour
 b - a +0 scale mail (worn)
 c - a +0 kite shield
 g - the +2 buckler "Xoodohie" (worn) {rElec Will++ rCorr Stlth-}
   (You found it on level 4 of the Dungeon)

   rElec:     It insulates you from electricity.
   rCorr:     It protects you from acid and corrosion.
   Will:      It greatly increases your willpower.
   Stlth:     It makes you less stealthy.
Jewellery
 f - a ring of protection from fire (left hand)
 k - a +4 ring of protection (right hand)
Wands
 p - a wand of digging (2)
Potions
 d - a potion of curing {unknown}
 e - 3 potions of mutation
 l - a potion of heal wounds {unknown}
 n - a potion of attraction
 r - a potion of flight {unknown}


   Skills:
 + Level 5.4 Fighting
 + Level 4.3 Staves
 + Level 3.5 Armour
 - Level 5.7 Shields


You had 6 spell levels left.
You didn't know any spells.
Your spell library contained the following spells:

 Spells                   Type           Power      Damage    Failure   Level
 Conjure Flame            Conj/Fire      0%         6-21      98%         3
 Dazzling Flash           Conj/Hex       0%         N/A       98%         3
 Ignite Poison            Fire/Tmut/Pois 0%         N/A       98%         3
 Iskenderun's Mystic Bla  Conj/Tloc      0%         2d3       100%        4
 Sticky Flame             Conj/Fire      0%         2d3       100%        4
 Starburst                Conj/Fire      0%         6d3       100%        6


Dungeon Overview and Level Annotations

Branches:
Dungeon (4/15)             Temple (0/1) D:4

Altars:


Innate Abilities, Weirdness & Mutations

You cannot be hasted, slowed, berserked, paralysed or teleported.
You can dig through walls and to a lower floor.
You have a pair of large antennae on your head. (SInv)
Your four strong arms can wield two-handed weapons with a shield.


Message History

You kill the gnoll!
You hit the gnoll.
The gnoll is lightly wounded.
The gnoll closely misses you.
You closely miss the gnoll.
The gnoll is lightly wounded.
The gnoll hits you but does no damage.
You closely miss the gnoll.
The gnoll is lightly wounded.
The gnoll closely misses you.
You thump the gnoll!
The gnoll is almost dead.
The gnoll hits you with a +0 whip.
* * * LOW HITPOINT WARNING * * *
You sock the gnoll!
You kill the gnoll!
You start resting.
You sense a monster nearby.
You start resting.
You sense a monster nearby.
You start resting.
You sense a monster nearby.
You start resting.
A scorpion comes into view.
You hit the scorpion but do no damage. The scorpion stings you.
* * * LOW HITPOINT WARNING * * *
You are lethally poisoned!
The scorpion poisons you! You block the scorpion's attack.
You hit the scorpion but do no damage.
* * * LOW HITPOINT WARNING * * *
You feel very sick. The scorpion barely misses you.
It was a potion of attraction.
You feel attractive to monsters.
* * * LOW HITPOINT WARNING * * *
You feel sick. The scorpion stings you.
* * * LOW HITPOINT WARNING * * *
It was a potion of brilliance.
You feel clever all of a sudden.
You die...

*,* *,*
****,******, *,*
**.###########.# *,
*,******
*,.....{.......# **
*,,,,,,*
*,########.########
******,*
*,#<....{.........#
******,**
*,#.######.######.#
,,,,,,,,** *,*,*###
#!# #.# ,**,**,,,*
*,*,##s###.#### #.#
,,,,,,,,,*
*,*,#@#.......# #.#
,,8,8,8,,*
*,*,###.##.##$#
#.#### ,,,⌠,⌠,,**
*,*,*
#.##.##.###.##.>
,,8,>,8,* *,*,*
#.##......).....
,,,⌠,⌠,,* *,*,*
#.#####.###.##.#
*,8,8,8,* *,*,*
#.#****,* #.##.#
*,,,,,,,* *,*<*
#..,,,,,* #.....
******,** *,*,*
###****** ####.#
*,,* *,*,* #.#


You could see a scorpion.

Vanquished Creatures
  Sigmund (D:2)
  A gnoll shaman (D:4)
  Jessica (D:2)
  Terence (D:2)
  An iguana (D:3)
  4 gnolls (D:4)
  3 adders
  2 worms
  3 dart slugs
  7 ball pythons
  6 bats
  6 endoplasms
  4 giant cockroaches
  9 goblins
  2 hobgoblins
  8 kobolds
  4 quokkas
  5 frilled lizards
  8 rats
76 creatures vanquished.

Notes
Turn   | Place    | Note
-------+----------+-------------------------------------------
     0 | D:1      | Arum the Formicid Fighter began the quest for the Orb.
     0 | D:1      | Reached XP level 1. HP: 18/18 MP: 1/1
   203 | D:1      | Reached XP level 2. HP: 24/24 MP: 2/2
   605 | D:1      | Reached XP level 3. HP: 28/30 MP: 3/3
  1215 | D:2      | Noticed Sigmund
  1229 | D:2      | Killed Sigmund
  1230 | D:2      | Reached skill level 5 in Shields
  1230 | D:2      | Reached XP level 4. HP: 26/38 MP: 4/4
  1230 | D:2      | Reached XP level 5. HP: 29/43 MP: 5/5
  1247 | D:2      | Noticed Terence
  1252 | D:2      | Killed Terence
  1253 | D:2      | Reached XP level 6. HP: 37/50 MP: 6/6
  1736 | D:2      | Noticed Jessica
  1742 | D:2      | Killed Jessica
  1743 | D:2      | Reached skill level 5 in Fighting
  2874 | D:4      | Identified the +2 buckler "Xoodohie" {rElec Will++ rCorr
                  | Stlth-}
  2923 | D:4      | Reached XP level 7. HP: 25/56 MP: 7/7
  2978 | D:4      | HP: 1/56 [scorpion (3)]
  2979 | D:4      | Succumbed to a scorpion's poison

Illustrated notes

Levels and vault maps discovered:
D:1:      minmay_arrival_plants_in_alcoves, layout_basic,
          chequers_serial_rivers_marsh
D:2:      layout_basic, uniq_jessica, uniq_terence, uniq_sigmund
D:3:      layout_basic
D:4:      layout_loops_ring, nzn_wu_jian_council_hall,
          mainiacjoe_overflow_chevrons, minmay_temple_entry_statues_fountains,
          nrook_loot_triangle, kennysheep_generic_room_4

Skill      XL: |  1  2  3  4  5  6 |
---------------+-------------------+-----
Shields        | 4 5 |  5.7
Fighting       | 4 5 |  5.4
Staves         | 3 4 |  4.3
Armour         | |  3.5

Action                   |  1- 3 |  4- 6 |  7- 9 || total
-------------------------+-------+-------+-------++-------
Melee: Quarterstaff      |    95 |   106 |    18 ||   219
 Abil: Dig               |     1 |     1 |       ||     2
  Use: Potion            |     1 |       |     2 ||     3
       Scroll            |       |     6 |       ||     6
Armor: Scale mail        |    30 |    34 |     2 ||    66
Dodge: Dodged            |    29 |    26 |     6 ||    61
Block: Kite shield       |    46 |    48 |       ||    94
       Buckler           |       |     3 |     3 ||     6
